 Dungeon Crawl Stone Soup version 0.28-a0-1199-gef9e1dbd39 (webtiles) character file.

Game seed: 14424475767579916072

466249 oldriver the Conqueror (level 23, -2/240 HPs)
             Began as a Minotaur Berserker on Dec 19, 2021.
             Was the Champion of Trog.
             Slain by a phantasmal warrior (33 damage)
             ... on level 5 of the Vaults on Dec 20, 2021.
             The game lasted 02:18:38 (82764 turns).

oldriver the Conqueror (Minotaur Berserker)        Turns: 82764, Time: 02:18:38

Health: -2/240     AC: 47    Str: 33    XL:     23   Next: 45%
Magic:  22/22      EV: 12    Int:  8    God:    Trog [******]
Gold:   7347       SH: 20    Dex: 15    Spells: 22/22 levels left

rFire   + + .      SeeInvis +   J - +8 eveningstar (protect)
rCold   + + .      Faith    .   q - +0 kite shield {rF+}
rNeg    + . .      Spirit   .   O - +4 gold dragon scales
rPois   +          Reflect  +   (helmet restricted)
rElec   +          Harm     .   Y - +2 cloak of the Thief {*Fog Slay-2 SInv Stlth+}
rCorr   +          Rampage  .   b - +1 pair of gloves of the Swan {Will+++ Str+4 Dex+4 Slay-3}
Will    +++++                   B - +2 pair of boots
Stlth   ..........              E - amulet "Noiky" {Reflect Str+4 SH+5}
HPRegen 0.50/turn               c - ring "Gyxzas" {rC+ rN+ Will+ rCorr SInv}
MPRegen 0.18/turn               C - ring "Eskigee" {Fly rElec Str+2 Dex-5}

@: under a protective aura, on berserk cooldown, flying, slowed, very slow
A: horns 2, retaliatory headbutt
}: 2/15 runes: barnacled, gossamer
a: Renounce Religion, Berserk, Trog's Hand, Brothers in Arms


You were on level 5 of the Vaults.
You worshipped Trog.
Trog was exalted by your worship.
You visited 8 branches of the dungeon, and saw 43 of its levels.
You also visited: Trove and Ice Cave.

You collected 9958 gold pieces.
You spent 2611 gold pieces at shops.

Inventory:

Hand Weapons
 J - a +8 eveningstar of protection (weapon)
 S - the +14 obsidian axe {vorpal, Mesm Drain Fly SInv}
   (Trog gifted it to you on level 2 of the Elven Halls)

   It inflicts extra damage upon your enemies.
   It occasionally summons demons to assist the wielder when it strikes in
   combat.
   Its wielder is mesmerised by any visible foes.
   It cannot be unequipped while any foes are visible.
   SInv:      It lets you see invisible.
   Fly:       It grants you flight.
   Drain:     It drains your maximum health when unequipped.
Missiles
 h - 7 throwing nets (quivered)
Armour
 b - the +1 pair of gloves of the Swan (worn) {Will+++ Str+4 Dex+4 Slay-3}
   (You found it in a treasure trove)

   Str:       It affects your strength (+4).
   Dex:       It affects your dexterity (+4).
   Slay:      It affects your accuracy & damage with ranged weapons and melee
   (-3).
   Will:      It greatly increases your willpower.
 q - a +0 kite shield of fire resistance (worn)
 B - a +2 pair of boots (worn)
 O - +4 gold dragon scales (worn)
 Y - the +2 cloak of the Thief (worn) {*Fog Slay-2 SInv Stlth+}
   (You found it on level 12 of the Dungeon)

   It may release a thick cloud of smoke when the wearer is hurt.
   Slay:      It affects your accuracy & damage with ranged weapons and melee
   (-2).
   SInv:      It lets you see invisible.
   Stlth:     It makes you more stealthy.
Jewellery
 c - the ring "Gyxzas" (left hand) {rC+ rN+ Will+ rCorr SInv}
   (You found it in a treasure trove)

   [ring of protection from cold]

   rC:        It protects you from cold.
   rN:        It protects you from negative energy.
   SInv:      It lets you see invisible.
   rCorr:     It protects you from acid and corrosion.
   Will:      It increases your willpower.
 o - a +6 ring of intelligence
 y - a ring of protection from fire
 C - the ring "Eskigee" (right hand) {Fly rElec Str+2 Dex-5}
   (You took it off an orc warrior on level 9 of the Dungeon)

   [ring of flight]

   Str:       It affects your strength (+2).
   Dex:       It affects your dexterity (-5).
   rElec:     It insulates you from electricity.
   Fly:       It grants you flight.
 E - the amulet "Noiky" (around neck) {Reflect Str+4 SH+5}
   (You found it on level 1 of the Elven Halls)

   [amulet of reflection]

   It reflects blocked missile attacks.
   Str:       It affects your strength (+4).
   SH:        It affects your SH (+5).
 P - a +4 ring of evasion
Wands
 i - a wand of digging (41)
 m - a wand of iceblast (39)
 n - a wand of paralysis (52)
 p - a wand of flame (47)
 u - a wand of polymorph (20)
 A - a wand of mindburst (23)
 K - a wand of charming (4)
 U - a wand of acid (21)
Scrolls
 a - a scroll of enchant weapon
 f - 9 scrolls of blinking
 g - 8 scrolls of immolation
 l - 13 scrolls of identify
 F - 9 scrolls of teleportation
 H - a scroll of brand weapon
 I - a scroll of summoning
 L - 4 scrolls of magic mapping
 Q - 3 scrolls of fog
 R - a scroll of torment {unknown}
 T - a scroll of fear
 W - 4 scrolls of holy word
Potions
 d - 4 potions of berserk rage
 e - 8 potions of lignification
 j - 2 potions of flight
 k - 21 potions of curing
 r - 3 potions of heal wounds
 s - 4 potions of cancellation
 t - 6 potions of might
 v - 10 potions of ambrosia
 w - 3 potions of resistance
 x - 2 potions of haste
 z - 4 potions of mutation
 D - 2 potions of invisibility
 G - 3 potions of attraction
 M - a potion of magic


   Skills:
 O Level 27 Fighting
 - Level 11.3(20.7) Axes
 O Level 27 Maces & Flails
 * Level 24.2 Armour
 * Level 9.3 Dodging
 - Level 2.9 Stealth
 + Level 20.2 Shields
 * Level 7.0 Evocations


You had 22 spell levels left.
You didn't know any spells.
Your spell library was empty.

Dungeon Overview and Level Annotations

Branches:
Dungeon (15/15)            Temple (0/1) D:4            Lair (6/6) D:9
 Shoals (4/4) Lair:2       Spider (4/4) Lair:4        Slime (0/5) Lair:6
    Orc (2/2) D:11            Elf (3/3) Orc:2        Vaults (5/5) D:13
  Crypt (0/3) Vaults:2     Depths (4/4) D:15            Zot (0/5) Depths:4
  IceCv (visited)

Altars:
Ashenzari
Dithmenos
Elyvilon
Fedhas
Gozag
Kikubaaqudgha
Nemelex Xobeh
Qazlal
Uskayaw
Yredelemnul
Zin
The Shining One
Beogh
Lugonu

Shops:
D:8 *   D:10 *   Orc:2 [(::[   Elf:1 (?:   Elf:2 !   Shoals:1 *[(   Vaults:2 ?

Portals:
Hell: Depths:1 Depths:2 Depths:3
Abyss: Shoals:3 Depths:3
Pandemonium: Depths:2 Depths:3
Ziggurat: Depths:3

Annotations:
Shoals:3 1 runed translucent door
Vaults:1 2 transporters, exclusion: orange crystal statue


Innate Abilities, Weirdness & Mutations

You have a pair of horns on your head.
You reflexively headbutt those who attack you in melee.


Message History

You see here a +2 battleaxe of freezing.
You feel a strong urge to attack something.
Things that are here:
a +0 giant spiked club; a +0 dagger; an ogre corpse You feel sick.
You feel your anger nearly subside.
You are no longer berserk.
You are exhausted.
You feel yourself slow down.
You feel sick.
You see here a +0 morningstar.
You feel sick.
You are no longer poisoned.
The phantasmal warrior gestures at you.
The phantasmal warrior blinks!
You block the phantasmal warrior's attack.
The ettin barely misses you. x2; The phantasmal warrior hits you!!
With a swish of your cloak, you release a cloud of fog.
The ettin barely misses you. The ettin hits you but does no damage.
You bludgeon the ettin!!
Your weapon exudes an aura of protection.
The ettin is almost dead.
You block the phantasmal warrior's attack.
You block the ogre's attack.
The ettin hits you with a +0 dire flail!!
* * * LOW HITPOINT WARNING * * *
With a swish of your cloak, you release a cloud of fog.
The ettin barely misses you.
You hit the ettin. Your headbutt misses the ettin.
The ettin is almost dead.
You block the phantasmal warrior's attack.
You block the ettin's attack.
The ettin hits you with a +0 dire flail!!
* * * LOW HITPOINT WARNING * * *
You block the ogre's attack.
Okay, then.
As you read the scroll of fear, it crumbles to dust.
You assume a fearsome visage.
The phantasmal warrior is unaffected.
The ettin looks frightened!
The ogre looks frightened!
You block the phantasmal warrior's attack.
The phantasmal warrior hits you!!
You die...

#.. #........ #..
#...##+## #... #...#
#... #...#
#....#...#####
.#....#........
...............
..?...(§################
.......§O§§§C§@§§.......
.......§§§§§O§§W§.......
########################


You could see an ettin (strong, fleeing), a phantasmal warrior (strong) and an
ogre (fleeing).

Vanquished Creatures
  Mara (Vaults:4)
  A juggernaut (Depths:2)
  Frederick (Depths:3)
  Saint Roka (Vaults:4)
  A caustic shrike (Depths:3)
  Xtahua (Vaults:4)
  2 golden dragons
  Nikola (Depths:1)
  3 bone dragons
  A pearl dragon (Depths:1)
  the Enchantress (Depths:3)
  A tentacled monstrosity (Depths:3)
  Asterion (Vaults:1)
  A lich (Depths:3)
  A walking earthen tome (Depths:3)
  2 titans
  2 deep elf blademasters (Elf:3)
  A quicksilver dragon (Depths:4)
  A deep elf master archer (Elf:3)
  8 sphinxes
  3 krakens
  5 tengu reavers
  4 shadow dragons
  Donald (Vaults:4)
  An azure jelly (IceCv)
  4 fire giants
  7 ghost moths
  3 frost giants
  8 deep elf sorcerers (Elf:3)
  Louise (Depths:3)
  An orc warlord (Orc:2)
  An iron dragon (Depths:3)
  13 vault wardens
  A cacodemon (Depths:3)
  A draconian shifter (Depths:4)
  2 emperor scorpions (Spider:4)
  10 deep elf elementalists (Elf:3)
  13 ironbound preservers
  5 spriggan defenders
  The ghost of Xilimun the Protected, a journeyman GrGl of Okawaru (D:12)
  24 very ugly things
  An apis (Depths:1)
  10 ironbound thunderhulks
  4 war gargoyles
  6 stone giants
  2 quicksilver oozes (IceCv)
  2 vampire knights (Depths:4)
  An eleionoma (shapeshifter) (D:12)
  2 green draconians (Depths:4)
  4 white draconians (Depths:4)
  6 deep elf demonologists
  An ophan (Depths:1)
  10 dire elephants
  7 entropy weavers
  A red draconian (Depths:4)
  2 minotaurs (Shoals:4)
  13 deep elf annihilators
  7 spark wasps
  A purple draconian (Depths:4)
  6 deep elf death magi
  2 crystal guardians
  A blizzard demon (Depths:2)
  2 merfolk javelineers (Depths:2)
  9 ettins
  3 merfolk impalers
  3 fire dragons
  10 yaktaur captains
  5 deep elf high priests
  6 hydras
  30 vault guards
  3 ice dragons
  Harold (Lair:2)
  3 great orbs of eyes
  2 rakshasas (Depths:3)
  The ghost of SensoryNuts the Carver, a journeyman DsFi of Gozag (D:11)
  2 hell beasts (Depths:2)
  3 peacekeepers
  10 ironbound frosthearts
  2 alligator snapping turtles (Shoals:4)
  9 boulder beetles
  2 ogre magi
  9 spriggan air magi
  10 centaur warriors
  A catoblepas (Lair:6)
  36 dancing weapons
  2 merfolk avatars (Shoals:1)
  A satyr (shapeshifter) (D:12)
  3 tengu warriors
  10 satyrs
  11 two-headed ogres
  8 deep troll shamans
  2 vampire magi
  8 deep troll earth magi
  4 orc high priests (Elf:1)
  Urug (Lair:1)
  A sun demon (Depths:4)
  5 spriggan berserkers
  7 hell knights
  19 deep elf knights
  A soul eater (Depths:4)
  Sonja (Lair:4)
  10 iron trolls
  A fire crab (shapeshifter) (Elf:2)
  A skeletal warrior (D:12)
  4 glowing orange brains
  15 sea snakes
  54 deep trolls
  10 harpies
  12 lindwurms
  27 deep elf pyromancers
  9 wizards
  12 deep elf archers
  23 deep elf zephyrmancers
  A fire giant zombie (Depths:1)
  6 orc knights
  A golden dragon skeleton (Depths:1)
  16 ironbound convokers
  8 necromancers
  A phantasmal warrior (Vaults:3)
  5 orc sorcerers
  22 orb spiders
  25 wolf spiders
  50 ugly things
  13 fauns
  12 cyclopes
  2 moths of wrath
  22 manticores
  A stone giant skeleton (Depths:1)
  2 large abominations (Elf:1)
  3 apocalypse crabs (Shoals:3)
  7 elephants
  A moth of wrath (shapeshifter) (Vaults:5)
  14 centaur zombies
  4 merfolk sirens
  8 black mambas
  7 water nymphs
  A guardian serpent (Lair:6)
  20 vault sentinels
  14 cane toads
  4 torpor snails
  Joseph (Lair:1)
  2 ice statues (IceCv)
  5 gargoyles (D:12)
  2 human zombies (Vaults:4)
  A rime drake (Lair:5)
  An unseen horror (shapeshifter) (D:15)
  4 kobold demonologists
  A komodo dragon (shapeshifter) (D:15)
  30 yaktaurs
  3 entropy weaver simulacra (IceCv)
  A rime drake (shapeshifter) (Depths:3)
  12 komodo dragons
  A tengu conjurer (Depths:2)
  2 efreet (D:15)
  4 unseen horrors
  2 ice devils (D:11)
  A hellwing (Depths:3)
  15 demonic crawlers
  A queen bee (Lair:5)
  14 polar bears
  2 red devils (Depths:3)
  3 wind drakes
  3 meliai (Lair:5)
  20 merfolk
  Grinder (D:3)
  27 jumping spiders
  8 trolls
  A wolf spider simulacrum (D:14)
  6 raiju (Lair:6)
  11 hornets
  9 blink frogs
  4 snapping turtles
  5 dream sheep (Lair:6)
  A blink frog (shapeshifter) (Vaults:5)
  70 slime creatures
  A meliai zombie (D:12)
  A vampire (D:12)
  A ynoxinul (Depths:3)
  52 tarantellas
  62 redbacks
  3 shadows (D:12)
  An air elemental (Elf:2)
  6 fire elementals
  16 wyverns
  Sigmund (D:4)
  2 basilisks
  A centaur simulacrum (D:12)
  38 yaks
  2 wraiths
  4 spriggans
  15 water elementals
  A spriggan simulacrum (Depths:1)
  A steam dragon (D:9)
  9 wargs
  2 vampire mosquitoes (D:12)
  An acid dragon (D:12)
  2 demonic crawler simulacra (IceCv)
  11 hell hounds (Lair:6)
  17 water moccasins
  A floating eye (Depths:3)
  11 black bears (Lair:6)
  38 orc warriors
  A sky beast (D:6)
  2 necrophages
  7 ogres
  4 boggarts (Vaults:3)
  33 wolves
  9 centaurs
  2 phantoms
  2 kobold brigands (D:8)
  2 elf zombies (Elf:1)
  9 bullfrogs
  5 earth elementals
  A gnoll sergeant (D:8)
  A human skeleton (Vaults:4)
  2 scorpions
  4 glowing shapeshifter simulacra (IceCv)
  24 killer bees
  7 wights (D:8)
  3 howler monkeys
  An electric eel (D:13)
  4 hounds
  3 jellies
  20 orc priests
  2 centaur skeletons
  A gnoll shaman (D:3)
  3 iguanas
  28 orc wizards
  4 hell rats (Lair:5)
  Robin (D:2)
  A howler monkey skeleton (D:5)
  11 gnolls
  12 adders
  A shadow imp (D:6)
  An ufetubus (D:6)
  An adder skeleton (D:4)
  3 worms
  A dart slug (D:1)
  75 orcs
  5 ball pythons
  7 bats
  7 endoplasms
  7 giant cockroaches
  13 goblins
  7 hobgoblins
  7 jackals
  3 quokkas
  6 frilled lizards
  17 kobolds
  5 rats
  A butterfly (Lair:6)
  11 tentacles
1885 creatures vanquished.

Vanquished Creatures (others)
  A deep elf knight (Elf:2)
  A wizard (Vaults:1)
  A deep elf zephyrmancer (Elf:3)
  A deep elf pyromancer (Elf:1)
  A water elemental (Elf:3)
  52 fungi
  114 plants
  14 tentacles
185 creatures vanquished.

Grand Total: 2070 creatures vanquished

Notes
Turn   | Place    | Note
-------+----------+-------------------------------------------
     0 | D:1      | oldriver the Minotaur Berserker began the quest for the
                  | Orb.
     0 | D:1      | Reached XP level 1. HP: 19/19 MP: 0/0
   349 | D:1      | Reached XP level 2. HP: 27/27 MP: 1/1
   669 | D:1      | Found a faded altar of an unknown god.
   944 | D:1      | Reached ** piety under Trog
  1000 | D:1      | Reached XP level 3. HP: 33/33 MP: 2/2
  1168 | D:2      | Identified the +2 helmet of Repulsion {rC- Regen+ rCorr}
  1168 | D:2      | Noticed Robin
  1196 | D:2      | Killed Robin
  1517 | D:2      | Reached XP level 4. HP: 34/41 MP: 3/3
  2058 | D:2      | Reached skill level 5 in Axes
  2617 | D:3      | Reached XP level 5. HP: 27/47 MP: 4/4
  2846 | D:3      | Noticed Grinder
  2850 | D:3      | Noticed a necrophage
  2850 | D:3      | Paralysed by Grinder for 3 turns
  2857 | D:3      | Killed Grinder
  2858 | D:3      | Reached skill level 5 in Fighting
  2858 | D:3      | Reached XP level 6. HP: 56/56 MP: 5/5
  2862 | D:3      | Reached skill level 1 in Stealth
  3181 | D:3      | Found a sparkling altar of Nemelex Xobeh.
  3240 | D:4      | Found a broken altar of Ashenzari.
  3315 | D:4      | Reached *** piety under Trog
  3316 | D:4      | Reached XP level 7. HP: 62/62 MP: 6/6
  4104 | D:4      | Found a staircase to the Ecumenical Temple.
  4896 | D:4      | Noticed Sigmund
  4903 | D:4      | Killed Sigmund
  4904 | D:4      | Reached XP level 8. HP: 71/71 MP: 7/7
  5291 | D:5      | Entered Level 5 of the Dungeon
  5321 | D:5      | Found a stormy altar of Qazlal.
  5324 | D:5      | Noticed an air elemental
  5602 | D:5      | Found a glowing golden altar of the Shining One.
  6896 | D:6      | Reached skill level 10 in Axes
  8376 | D:7      | Identified a scroll of acquirement
  8376 | D:7      | Acquired 1136 gold pieces
  8500 | D:7      | Reached XP level 9. HP: 39/80 MP: 8/8
  8812 | D:7      | Found a shadowy altar of Dithmenos.
  8812 | D:7      | Found a hide-covered altar of Uskayaw.
  9113 | D:7      | Acquired a manual of Maces & Flails
  9655 | D:8      | Found a white marble altar of Elyvilon.
  9683 | D:8      | Reached skill level 5 in Dodging
  9688 | D:8      | Reached skill level 1 in Maces & Flails
  9691 | D:8      | Reached **** piety under Trog
 10359 | D:8      | Found Napiubedgh's Assorted Antiques.
 10369 | D:8      | Bought a green potion for 26 gold pieces
 10844 | D:9      | Reached skill level 1 in Shields
 10859 | D:9      | Reached skill level 5 in Maces & Flails
 11083 | D:9      | Found a staircase to the Lair.
 11083 | D:9      | Noticed a two-headed ogre
 11101 | D:9      | Killed a two-headed ogre
 11102 | D:9      | Reached XP level 10. HP: 91/91 MP: 9/9
 11288 | D:9      | Noticed a two-headed ogre
 11296 | D:9      | Killed a two-headed ogre
 11297 | D:9      | Reached skill level 10 in Maces & Flails
 11297 | D:9      | Reached skill level 5 in Armour
 11547 | D:9      | Identified the ring "Eskigee" {Fly rElec Str+2 Dex-5}
 11601 | D:9      | Noticed an orange demon
 12083 | D:9      | Paralysed by a hornet for 3 turns
 12090 | D:9      | Reached skill level 5 in Shields
 12589 | D:9      | Found a blossoming altar of Fedhas.
 12611 | D:10     | Entered Level 10 of the Dungeon
 13026 | D:10     | Reached skill level 10 in Fighting
 13140 | D:10     | Noticed a two-headed ogre
 13151 | D:10     | Killed a two-headed ogre
 13152 | D:10     | Reached XP level 11. HP: 99/99 MP: 10/10
 13682 | Lair:1   | Entered Level 1 of the Lair of Beasts
 13831 | Lair:1   | Noticed Urug
 13846 | Lair:1   | Killed Urug
 14232 | Lair:1   | Noticed Joseph
 14249 | Lair:1   | Killed Joseph
 14657 | Lair:2   | Noticed Harold
 14681 | Lair:2   | Killed Harold
 15116 | Lair:2   | Noticed a six-headed hydra
 15135 | Lair:2   | Killed a six-headed hydra
 15659 | Lair:2   | Found a staircase to the Shoals.
 15806 | Lair:2   | Noticed a lindwurm
 15806 | Lair:2   | Noticed a lindwurm
 16046 | Lair:2   | Killed a lindwurm
 16274 | Lair:2   | Noticed a lindwurm
 16284 | Lair:2   | Killed a lindwurm
 16294 | Lair:2   | Killed a lindwurm
 16295 | Lair:2   | Reached skill level 10 in Shields
 16295 | Lair:2   | Reached XP level 12. HP: 92/110 MP: 11/11
 17232 | Lair:3   | Reached ***** piety under Trog
 17565 | Lair:3   | Identified the ring "Pielon" {Contam *Slow rElec rN+ Str+8}
 17848 | Lair:4   | Reached skill level 15 in Maces & Flails
 17883 | Lair:4   | Reached skill level 10 in Armour
 18153 | Lair:4   | Noticed Sonja
 18159 | Lair:4   | Killed Sonja
 18347 | Lair:4   | Noticed an eight-headed hydra
 18349 | Lair:4   | Noticed a boulder beetle
 18356 | Lair:4   | Killed an eight-headed hydra
 18366 | Lair:4   | Killed a boulder beetle
 18767 | Lair:4   | Found a hole to the Spider Nest.
 18767 | Lair:4   | Noticed a boulder beetle
 18805 | Lair:4   | Killed a boulder beetle
 19582 | Lair:5   | Received a gift from Trog
 19587 | Lair:5   | Reached XP level 13. HP: 72/118 MP: 12/12
 20583 | Lair:6   | Entered Level 6 of the Lair of Beasts
 22114 | Lair:6   | Reached skill level 15 in Shields
 22260 | Lair:6   | Received a gift from Trog
 22666 | Lair:6   | Reached XP level 14. HP: 119/130 MP: 13/13
 22869 | Lair:6   | Found a staircase to the Slime Pits.
 24519 | D:10     | Found Gotte's General Store.
 24527 | D:10     | Bought a scroll of teleportation for 45 gold pieces
 24527 | D:10     | Bought a scroll of identify for 30 gold pieces
 25140 | D:11     | Found a frozen archway.
 25155 | IceCv    | Entered an ice cave
 25218 | IceCv    | Noticed a quicksilver ooze
 25230 | IceCv    | Killed a quicksilver ooze
 25451 | IceCv    | Received a gift from Trog
 26326 | IceCv    | Noticed a quicksilver ooze
 26340 | IceCv    | Killed a quicksilver ooze
 26341 | IceCv    | Reached skill level 15 in Fighting
 26378 | IceCv    | Found a viscous altar of Jiyva.
 26378 | IceCv    | Noticed an azure jelly
 26397 | IceCv    | Killed an azure jelly
 26588 | IceCv    | Got the ring "Tuke" {Ice rN+ Int+3 SInv}
 26590 | IceCv    | Got the ring "Fesoa" {Ice Will+++ rCorr Str+4 Int-4}
 27166 | D:11     | Found a staircase to the Orcish Mines.
 27297 | D:11     | Found a large runed translucent door.
 27297 | D:11     | Found a large runed translucent door.
 27299 | D:11     | Noticed SensoryNuts's ghost (journeyman DsFi)
 27612 | D:11     | Killed SensoryNuts's ghost
 28383 | Orc:1    | Entered Level 1 of the Orcish Mines
 28667 | Orc:2    | Entered Level 2 of the Orcish Mines
 28811 | Orc:2    | Found Eritia's Antique Armour Shoppe.
 28815 | Orc:2    | Found a staircase to the Elven Halls.
 28819 | Orc:2    | Bought a runed kite shield for 232 gold pieces
 29574 | Orc:2    | Found Luugaf's Book Boutique.
 29696 | Orc:2    | Noticed an orc warlord
 29740 | Orc:2    | Killed an orc warlord
 29965 | Orc:2    | Reached XP level 15. HP: 122/143 MP: 14/14
 30251 | Orc:2    | Reached ****** piety under Trog
 30279 | Orc:2    | Found Xumaonti's Antique Armour Boutique.
 30281 | Orc:2    | Found Muegg's Antique Weapon Shop.
 30294 | Orc:2    | Bought a twisted plate armour for 784 gold pieces
 30294 | Orc:2    | Identified the +5 plate armour of Hairiness {Rampage +Inv
                  | rPois Int-3} (You bought it in a shop on level 2 of the
                  | Orcish Mines)
 30294 | Orc:2    | Bought a pair of glowing boots for 210 gold pieces
 30360 | Orc:2    | Bought a glowing kite shield for 232 gold pieces
 30460 | D:8      | Bought a thin sapphire amulet for 145 gold pieces
 30725 | Orc:2    | Received a gift from Trog
 30841 | Orc:2    | Found Luotajoa's Book Shop.
 31469 | D:10     | Bought a +0 pair of gloves for 67 gold pieces
 31563 | Spider:1 | Entered Level 1 of the Spider Nest
 33051 | Spider:1 | Reached skill level 15 in Armour
 34617 | Spider:1 | Killed a ghost moth
 34842 | Spider:1 | Identified the +6 falchion of the Several Beggars {flame,
                  | +Blink}
 36597 | Shoals:1 | Entered Level 1 of the Shoals
 36597 | Shoals:1 | Noticed a kraken
 37008 | D:12     | Found a runed translucent gate.
 37125 | D:12     | Found a runed translucent gate.
 37126 | D:12     | Found a runed translucent gate.
 37126 | D:12     | Noticed Xilimun's ghost (journeyman GrGl)
 37130 | D:12     | Identified the amulet "Zuimuag" {RegenMP *Slow Int+2
                  | Stlth+}
 37189 | D:12     | Found a basalt altar of Yredelemnul.
 37305 | D:12     | Reached XP level 16. HP: 155/155 MP: 15/15
 37729 | D:12     | Received a gift from Trog
 38875 | D:12     | Noticed a sphinx
 38885 | D:12     | Killed a sphinx
 39080 | D:12     | Found the +2 cloak of the Thief {*Fog Slay-2 SInv Stlth+}
 39080 | D:12     | You are sucked into a shaft and drop 2 floors!
 40037 | D:13     | Found a gate to the Vaults.
 40918 | D:14     | Found an opulent altar of Gozag.
 41514 | D:15     | Entered Level 15 of the Dungeon
 41800 | D:15     | Received a gift from Trog
 41966 | D:15     | Found a staircase to the Depths.
 42924 | Shoals:1 | Killed a kraken
 42951 | Shoals:1 | Reached XP level 17. HP: 118/168 MP: 16/16
 43095 | Shoals:1 | Found Tiorub's Assorted Antiques.
 43125 | Shoals:1 | Acquired 1179 gold pieces
 43130 | Shoals:1 | Bought a scroll of blinking for 210 gold pieces
 43205 | Shoals:1 | Received a gift from Trog
 43205 | Shoals:1 | Found the +8 demon trident "Rift" {distort, reach+}
 43311 | Shoals:1 | Found Kiuraile's Weapon Emporium.
 43323 | Shoals:1 | Found Nyoczy's Armour Emporium.
 44066 | Shoals:1 | Noticed a kraken
 44090 | Shoals:1 | Killed a kraken
 44329 | Shoals:2 | Noticed a kraken
 44345 | Shoals:2 | Killed a kraken
 44990 | Shoals:2 | Identified the +8 chain mail of Failure {Dex+5}
 46185 | Shoals:3 | Found a runed translucent door.
 46189 | Shoals:3 | Found a corrupted altar of Lugonu.
 46189 | Shoals:3 | Found a one-way gate to the infinite horrors of the Abyss.
 46592 | Shoals:4 | Entered Level 4 of the Shoals
 47400 | Shoals:4 | Paralysed by a sphinx for 3 turns
 48445 | Shoals:4 | Received a gift from Trog
 49473 | Shoals:4 | Got a barnacled rune of Zot
 50221 | Spider:3 | Reached XP level 18. HP: 175/182 MP: 17/17
 50231 | Spider:3 | Identified the +1 cloak of Dishonour {Dex+6 Slay-2}
 50239 | Spider:3 | Identified the +7 whip of Irritation {venom, rElec Str+4}
 50401 | Spider:3 | Received a gift from Trog
 51106 | Spider:4 | Entered Level 4 of the Spider Nest
 52045 | Depths:1 | Entered Level 1 of the Depths
 53032 | Depths:1 | Identified the +10 halberd of Trog's Anger {antimagic,
                  | rElec rC- rCorr SInv} (Trog gifted it to you on level 1 of
                  | the Depths)
 53032 | Depths:1 | Received a gift from Trog
 53343 | Depths:1 | HP: 5/183 [deep troll (17)]
 53836 | Depths:1 | Identified the +3 plate armour of a Thousand Spines {Dex+6}
 54093 | Elf:1    | Entered Level 1 of the Elven Halls
 54274 | Elf:1    | Identified the amulet "Noiky" {Reflect Str+4 SH+5}
 54377 | Elf:1    | Found Ikocw's Weapon Emporium.
 54464 | Elf:1    | Found Ograr's Magic Scroll Shop.
 54469 | Elf:1    | Found Xuala's Book Shop.
 54545 | Elf:1    | Bought a scroll of enchant weapon for 120 gold pieces
 54545 | Elf:1    | Bought a scroll of enchant weapon for 120 gold pieces
 54545 | Elf:1    | Bought a scroll of fear for 56 gold pieces
 54545 | Elf:1    | Bought a scroll of teleportation for 48 gold pieces
 54545 | Elf:1    | Bought a scroll of teleportation for 48 gold pieces
 55206 | Elf:2    | Acquired 578 gold pieces
 55432 | Elf:2    | Paralysed by an air elemental for 1 turns
 55436 | Elf:2    | Paralysed by an air elemental for 1 turns
 55440 | Elf:2    | Paralysed by an air elemental for 1 turns
 55443 | Elf:2    | Paralysed by an air elemental for 1 turns
 55716 | Elf:2    | Received a gift from Trog
 55758 | Elf:2    | Identified the +2 scale mail of Privacy {Will- Int+4
                  | Slay+3}
 55821 | Elf:2    | Found Ruway's Distillery.
 55825 | Elf:2    | Bought a potion of curing for 42 gold pieces
 55825 | Elf:2    | Bought a potion of curing for 42 gold pieces
 55825 | Elf:2    | Bought 2 potions of curing for 84 gold pieces
 55825 | Elf:2    | Bought a potion of heal wounds for 70 gold pieces
 56438 | Elf:2    | Reached XP level 19. HP: 174/189 MP: 18/18
 56834 | Elf:2    | Received a gift from Trog
 56834 | Elf:2    | Found the +14 obsidian axe {vorpal, Mesm Drain Fly SInv}
 57092 | Elf:2    | Found a runed translucent gate.
 57093 | Elf:2    | Found a runed translucent gate.
 57093 | Elf:2    | Found a runed translucent gate.
 58414 | Elf:3    | Entered Level 3 of the Elven Halls
 59537 | Spider:4 | Identified the +5 great mace of Rationality {vorpal, Dex+3}
                  | (Trog gifted it to you on level 4 of the Spider Nest)
 59537 | Spider:4 | Received a gift from Trog
 60239 | Spider:4 | Got a gossamer rune of Zot
 60756 | Vaults:1 | Entered Level 1 of the Vaults
 61242 | Vaults:1 | Noticed Asterion
 61257 | Vaults:1 | Killed Asterion
 62214 | Vaults:1 | Received a gift from Trog
 62553 | Vaults:1 | Found a transporter.
 62567 | Vaults:1 | Found a transporter.
 63238 | Vaults:2 | Found a staircase to the Crypt.
 63593 | Vaults:2 | Found Oviat's Magic Scroll Shoppe.
 63623 | Vaults:2 | Reached XP level 20. HP: 204/206 MP: 19/19
 64120 | Vaults:2 | Received a gift from Trog
 64852 | Vaults:2 | Received a gift from Trog
 66214 | Vaults:3 | Found a portal to a secret trove of treasure.
 66282 | Vaults:3 | Received a gift from Trog
 67524 | Vaults:4 | Noticed Mara
 67545 | Vaults:4 | Noticed oldriver's illusion
 67560 | Vaults:4 | Killed Mara
 67862 | Vaults:4 | Noticed Saint Roka
 67863 | Vaults:4 | Noticed Xtahua
 67952 | Vaults:4 | Reached XP level 21. HP: 107/217 MP: 20/20
 68357 | Vaults:4 | Received a gift from Trog
 68389 | Vaults:4 | Identified the +5 scimitar of Hadwiutz {freeze, Str+5}
 69224 | Depths:2 | Found a one-way gate leading to the halls of Pandemonium.
 69468 | Depths:1 | Found a gateway to Hell.
 69829 | Depths:1 | Found a white marble altar of Elyvilon.
 69829 | Depths:1 | Found a glowing silver altar of Zin.
 69829 | Depths:1 | Found a glowing golden altar of the Shining One.
 70854 | Depths:2 | Reached skill level 1 in Evocations
 71310 | Depths:2 | Noticed a juggernaut
 71320 | Depths:2 | Killed a juggernaut
 71495 | Depths:3 | Noticed Frederick
 71509 | Depths:3 | Killed Frederick
 71731 | Depths:3 | Received a gift from Trog
 71946 | Depths:3 | Noticed Louise
 71986 | Depths:3 | Killed Louise
 72122 | Depths:3 | Noticed the Enchantress
 72132 | Depths:3 | Killed the Enchantress
 72456 | Depths:3 | Found a one-way gateway to a ziggurat.
 72766 | Depths:3 | Noticed a caustic shrike
 72776 | Depths:3 | Killed a caustic shrike
 73023 | Depths:3 | Noticed a golden dragon
 73030 | Depths:3 | Killed a golden dragon
 73036 | Depths:3 | Received a gift from Trog
 73049 | Depths:3 | Reached XP level 22. HP: 214/229 MP: 21/21
 73757 | Vaults:3 | You paid a toll of 10 potions of heal wounds to enter a
                  | treasure trove
 73758 | Trove    | Entered a treasure trove
 73765 | Trove    | Identified the +1 pair of gloves of the Swan {Will+++ Str+4
                  | Dex+4 Slay-3}
 73769 | Trove    | Identified the ring "Gyxzas" {rC+ rN+ Will+ rCorr SInv}
 74029 | D:12     | Killed Xilimun's ghost
 76083 | Elf:3    | Identified the +10 great mace of Liraroso {vorpal, Str+4}
                  | (Trog gifted it to you on level 3 of the Elven Halls)
 76083 | Elf:3    | Received a gift from Trog
 76579 | Elf:3    | Identified the +4 mace "Killer Klown's Doom" {vorpal,
                  | rCorr}
 76579 | Elf:3    | Identified the +1 chain mail "Yckair" {Int+4}
 76851 | Elf:3    | Identified the +3 leather armour of New Discoveries {rPois}
 77129 | Elf:3    | Received a gift from Trog
 77162 | Elf:3    | Identified the +5 plate armour "Tattion Arphy" {rC+ Dex+4
                  | Stlth+}
 77640 | Depths:1 | Noticed Nikola
 77665 | Depths:1 | Killed Nikola
 77912 | Depths:4 | Entered Level 4 of the Depths
 78223 | Depths:4 | Found a gate to the Realm of Zot.
 78223 | Depths:4 | Noticed a golden dragon
 78233 | Depths:4 | Reached skill level 27 in Fighting
 78250 | Depths:4 | Killed a golden dragon
 78251 | Depths:4 | Reached skill level 5 in Evocations
 79183 | Depths:4 | Found the +7 sceptre of Torment {pain, torment}
 79297 | Depths:4 | Found an ancient bone altar of Kikubaaqudgha.
 80200 | Vaults:4 | Reached skill level 27 in Maces & Flails
 80488 | Vaults:4 | Killed Saint Roka
 80515 | Vaults:4 | Received a gift from Trog
 80881 | Vaults:4 | Killed Xtahua
 80882 | Vaults:4 | Reached XP level 23. HP: 199/240 MP: 22/22
 80890 | Vaults:4 | Noticed Donald
 80897 | Vaults:4 | Killed Donald
 81705 | Vaults:5 | Entered Level 5 of the Vaults
 81719 | Vaults:4 | Identified the +9 quarterstaff of the Eternal Warrior
                  | {flame, *Noise rElec rN+++ Str-5} (Trog gifted it to you on
                  | level 4 of the Vaults)
 81719 | Vaults:4 | Received a gift from Trog
 82764 | Vaults:5 | Slain by a phantasmal warrior

Illustrated notes

Levels and vault maps discovered:
D:1:      ncdulo_lavacross, layout_basic, shapermc_ecumenical_altar_petra
D:2:      layout_basic, uniq_robin
D:3:      layout_rooms, nemelex_diamond_rough_becter, uniq_grinder
D:4:      layout_loops_cross, cheibrodos_ashenzari_chains, temple_pool_b,
          uniq_sigmund
D:5:      lemuel_ice_spiral_2, layout_basic,
          mainiacjoe_overflow_six_doors_small, nicolae_qazlal_style_of_elements
D:6:      layout_basic
D:7:      layout_rooms, gammafunk_temple_overflow_wave
D:8:      layout_loops_ring, elyvilon_altar_1, serial_shops,
          nicolae_shop_overgrown_old_shop
D:9:      layout_loops_ring, kennysheep_mini_moat, erik_lair_orcish_takeover,
          dk_noncrumbling_4
D:10:     layout_stronghold, serial_shops, shop, billiards_dpeg
D:11:     layout_loops_ring, erik_orc_4, portal_ice_cave_demonic_guard,
          ebering_ghost_disaster_area
D:12:     minmay_nested_s, layout_loops_corners, gammafunk_ghost_split,
          minmay_misc_feat_alley, nicolae_yredelemnul_corpse_copse
D:13:     layout_irregular_city, erik_vaults_1, water_maze_lemuel
D:14:     layout_roguey, serial_rivers, chequers_serial_rivers_small_b,
          chequers_serial_rivers_micro_b, chequers_serial_rivers_large_a,
          chequers_serial_rivers_micro_e, nicolae_gozag_seed_capital
D:15:     hangedman_depths_entry_civil_slaughter, layout_basic, hex_intersection
Lair:1:   layout_long_grid, chequers_serial_rivers_room_a, serial_bayou_shore_a,
          uniq_urug, uniq_joseph
Lair:2:   layout_regular_city, elwin_shoals_entry_rocks,
          nicolae_lair_grove_arrangements, nicolae_lair_lindhole, uniq_harold
Lair:3:   layout_chaotic_city
Lair:4:   layout_concentric_octagons, nicolae_spider_entry_non_spiders,
          grunt_megastairs_4, uniq_sonja
Lair:5:   layout_misc_corridors, special_room [special_room_bee],
          lemuel_fruit_fields, grunt_megastairs_3, lemuel_fruit_fields
Lair:6:   hangedman_lair_caniforms_friends, layout_cave_pods,
          hangedman_lair_tendril_chambers, minmay_slime_entry_pillars,
          infiniplex_staircase_pool_2
Shoals:1: layout_shoals, serial_shops, shop, shop, nicolae_shop_statue_plus,
          nicolae_shoals_water_elemental_grotto
Shoals:2: layout_shoals
Shoals:3: layout_shoals, nicolae_shoals_abyss_on_the_beach
Shoals:4: shoals_end_hellmonk_lost_city, serial_shops
Spider:1: layout_spider_delve
Spider:2: layout_spider_delve, nicolae_spider_not_touching_you
Spider:3: nicolae_spider_hilbert_zone_3 [nicolae_spider_hilbert_4_sides_2_open,
          nicolae_spider_hilbert_3_sides_1_open,
          nicolae_spider_hilbert_3_sides_1_open,
          nicolae_spider_hilbert_3_sides_1_open,
          nicolae_spider_hilbert_3_sides_1_open,
          nicolae_spider_hilbert_4_sides_1_open,
          nicolae_spider_hilbert_4_sides_1_open,
          nicolae_spider_hilbert_4_sides_1_open,
          nicolae_spider_hilbert_4_sides_1_open,
          nicolae_spider_hilbert_4_sides_1_open,
          nicolae_spider_hilbert_4_sides_1_open,
          nicolae_spider_hilbert_4_sides_1_open,
          nicolae_spider_hilbert_4_sides_1_open,
          nicolae_spider_hilbert_3_sides_1_open,
          nicolae_spider_hilbert_3_sides_1_open,
          nicolae_spider_hilbert_3_sides_1_open,
          nicolae_spider_hilbert_3_sides_1_open]
Spider:4: spider_rune_water
Orc:1:    layout_diamond_mine
Orc:2:    grunt_orc_community_town_hall, layout_caves,
          grunt_orc_community_big_house_1, grunt_orc_community_big_house_2,
          grunt_orc_community_house_2, grunt_orc_community_house_3,
          grunt_orc_community_house_3, grunt_orc_community_house_1, basic_altar,
          serial_shops, nicolae_square_shop
Elf:1:    nicolae_elf_arrival_no_cutting_in_line, layout_gridlike, serial_shops,
          shop, minmay_elf_necromancy, minmay_shop_star
Elf:2:    nicolae_elf_blades_crystal_corner, layout_loops_corners, serial_shops,
          shop
Elf:3:    minmay_elf_hall_four_x, layout_geoelf_grid, grunt_megastairs_5
Vaults:1: nicolae_vaults_hallways_thing, gammafunk_sealed_arena,
          hangedman_vaults_variations, nicolae_vaults_triangles,
          hangedman_vaults_cutoff, vaults_mumra_lcd,
          hangedman_vaults_stretched_pinwheel, v_pattern_1,
          nicolae_vaults_network_periphery, ontoclasm_vaults_idyll,
          vaults_room_pools, vaults_room_semicircle, ontoclasm_vaults_chip,
          layout_vaults_omnicross, uniq_asterion
Vaults:2: hangedman_vaults_slither, v_misc_16, v_alt_pattern_6,
          layout_vaults_maze_bifur, serial_shops, nicolae_shop_behind_doors
Vaults:3: v_misc_17, dpeg_vaults_pockets_of_resistance,
          nicolae_vaults_puzzle_piece, ontoclasm_vaults_gateway,
          vaults_room_corners, v_misc_9, vaults_dpeg_hooks, v_alt_pattern_2,
          layout_vaults_omnigrid, enter_trove_1
Vaults:4: vaults_mumra_chevron_long, nicolae_vaults_what_the_h,
          nicolae_vaults_three_branches, v_rooms_1, v_misc_26,
          grunt_vaults_focal, vaults_room_large_hall, ontoclasm_vaults_hangar,
          v_misc_10, vaults_standard_mumra_lines, nicolae_vaults_gold_heap,
          layout_vaults_omnibox, uniq_mara, uniq_saint_roka, uniq_donald,
          uniq_xtahua
Vaults:5: serial_shops
Depths:1: layout_forbidden_donut, hell_entry, minmay_misc_feat_four_crosses,
          hallowed_hall, uniq_nikola
Depths:2: minmay_glassy_protrusions, layout_gridlike, pan_entry, minmay_holes,
          grunt_mini_vestibule
Depths:3: cheibrodos_leafed_vault, layout_basic, enter_ziggurat_b,
          nicolae_abyss_entry_one_way_or_another, hell_entry,
          rand_demon_pan_entry_3, nrook_campfire, uniq_enchantress,
          uniq_frederick
Depths:4: grunt_twist_and_shout, layout_honeycomb, hellmouth_1,
          chequers_serial_rivers_small_3, nicolae_kikubaaqudgha_miasma_corner

Skill      XL: |  1  2  3  4  5  6  7  8  9 10 11 12 13 14 15 16 17 18 19 20 21 22 23 |
---------------+----------------------------------------------------------------------+-----
Axes           | 4 5 6 7 9 11 | 11.3
Fighting       | 4 5 6 7 9 10 11 12 13 15 17 19 21 22 23 25 26 27 | 27.0
Dodging        | 3 4 5 6 7 8 9 |  9.3
Stealth        | 1 2 |  2.9
Maces & Flails | 9 13 14 15 16 17 18 19 21 22 23 24 25 27 | 27.0
Armour         | 4 6 8 10 11 14 17 18 19 20 21 22 23 24 | 24.2
Shields        | 3 6 10 12 15 16 17 19 20 | 20.2
Evocations     | 3 6 7 |  7.0

Action                   |  1- 3 |  4- 6 |  7- 9 | 10-12 | 13-15 | 16-18 | 19-21 | 22-24 || total
-------------------------+-------+-------+-------+-------+-------+-------+-------+-------++-------
Melee: Hand axe          |    83 |    83 |   210 |       |       |       |       |       ||   376
       Headbutt          |    11 |    17 |    59 |   159 |   493 |   456 |   539 |   337 ||  2071
       Mace              |       |       |   103 |   624 |  1746 |   369 |       |       ||  2842
       Eveningstar       |       |       |       |       |       |  1314 |  1698 |  1036 ||  4048
Invok: Berserk           |       |     1 |     4 |     9 |    19 |     7 |    11 |     4 ||    55
       Trog's Hand       |       |       |       |     1 |       |     2 |     3 |     1 ||     7
       Brothers in Arms  |       |       |       |       |       |     1 |       |       ||     1
Evoke: Wand              |       |       |       |       |       |       |     1 |     1 ||     2
  Use: Scroll            |       |       |    10 |    13 |     7 |    15 |     5 |     8 ||    58
       Potion            |       |       |       |       |     2 |     9 |       |       ||    11
 Stab: Sleeping          |       |     1 |     2 |       |       |       |       |       ||     3
Armor: Animal skin       |    18 |    16 |    26 |       |       |       |       |       ||    60
       Chain mail        |       |       |    17 |   309 |   387 |       |       |       ||   713
       Plate armour      |       |       |       |       |   724 |   836 |   651 |     1 ||  2212
       Gold dragon scale |       |       |       |       |       |       |       |   377 ||   377
Dodge: Dodged            |    58 |    53 |   151 |   156 |   679 |   385 |   475 |   217 ||  2174
Block: Kite shield       |       |       |    34 |   519 |  1579 |  1203 |  1273 |   714 ||  5322
       Reflection        |       |       |     3 |     8 |    14 |   100 |    74 |    33 ||   232

Table legend: (Time is in decaauts)
 A = Elapsed time spent in this place.
 B = Non-inter-level travel time spent in this place.
 C = Inter-level travel time spent in this place.
 D = Time resting spent in this place.
 E = Time spent auto-exploring this place.
 F = Levels seen in this place.
 G = Mean time per level.
                   A        B        C        D        E       F      G
               +--------+--------+--------+--------+--------+-----+--------+
         Total |  81483 |  75392 |   6091 |  28352 |  32042 |  45 | 1810.7 |
       Dungeon |  23967 |  21211 |   2756 |   6428 |  11248 |  15 | 1597.8 |
          Lair |  12505 |  11652 |    853 |   5289 |   4556 |   6 | 2084.2 |
        Shoals |   6744 |   6521 |    223 |   2250 |   2956 |   4 | 1686.0 |
   Spider Nest |   6631 |   6272 |    359 |   2383 |   2148 |   4 | 1657.8 |
  Orcish Mines |   2787 |   2477 |    310 |    761 |   1171 |   2 | 1393.5 |
   Elven Halls |   7796 |   7318 |    478 |   3130 |   2484 |   3 | 2598.7 |
        Vaults |  10614 |   9863 |    751 |   4090 |   3458 |   5 | 2122.8 |
        Depths |   8451 |   8093 |    358 |   2711 |   3787 |   4 | 2112.8 |
         Trove |     55 |     55 |      0 |      0 |      5 |   1 |   55.0 |
      Ice Cave |   1928 |   1928 |      0 |   1305 |    229 |   1 | 1928.0 |
               +--------+--------+--------+--------+--------+-----+--------+

Top non-repeatable levels by time:
   Elf:2: 3778 daAuts
    D:12: 3713 daAuts
Vaults:1: 3507 daAuts
  Lair:4: 3340 daAuts
Vaults:4: 3304 daAuts
  Lair:6: 3007 daAuts
Vaults:3: 2834 daAuts
Depths:1: 2785 daAuts
   Elf:3: 2774 daAuts
Shoals:4: 2639 daAuts
     D:9: 2286 daAuts
Spider:1: 2105 daAuts
Depths:3: 2053 daAuts
   Orc:2: 1959 daAuts
   IceCv: 1928 daAuts
